AoeStats
← Tomeš

Golden Pit

508008394Analyzed
1v1 RM · 13d ago on Sep 20, 2026· 36m 49s· 2 players
Game mode
Random Map
Map size
Tiny (2 player)
Population
200
Speed
Normal
Resources
Standard
Victory
Conquest
Starting age
Dark Age
Ending age
Imperial Age
RankedLock teamsTeams togetherTeam positionsShared explorationLock speedFull tech treeHidden civsTurbo modeCheats
Victory
Defeat
🇨🇿 Cumans · Czechia
640
+13
🇧🇷 Inca · Brazil
583
-13
dododoy
10:49 Feudal Age
12:54 Double-Bit Axe
14:55 Champi Runner
25:42 Castle Age
25:28 Horse Collar
25:43 Stone Mining
25:47 Gold Mining
30:38 Squires
29:59 Champi Warrior
30:36 Arson
31:32 Gold Shaft Mining
35:00 Wheelbarrow
34:11 Loom
38:51 Imperial Age
Tomeš
7:36 Loom
11:27 Feudal Age
14:13 Wheelbarrow
13:28 Double-Bit Axe
15:14 Horse Collar
25:31 Castle Age
23:23 Town Watch
24:03 Arson
23:39 Man-at-Arms
23:45 Man-at-Arms
24:28 Scale Mail Armor
25:54 Forging
26:52 Bow Saw
26:44 Heavy Plow
27:33 Gold Mining
27:35 Stone Mining
28:01 Squires
27:24 Pikeman
27:26 Long Swordsman
30:07 Chain Mail Armor
30:28 Iron Casting
31:37 Hand Cart
38:12 Imperial Age
Connection lost

Rejoining the realm…

Still unreachable

The connection could not be restored.

Session expired

The server has moved on; the page needs a fresh start.